 Dungeon Crawl Stone Soup version 0.29-a0-920-g5d2155ec51 (webtiles) character file.

Game seed: 17442943368984363192

121 Conn the Firebug (level 5, -4/31 HPs)
             Began as an Octopode Fire Elementalist on July 27, 2022.
             Slain by a water moccasin (7 damage)
             ... on level 3 of the Dungeon.
             The game lasted 00:05:11 (2194 turns).

Conn the Firebug (Octopode Fire Elementalist)       Turns: 2194, Time: 00:05:11

Health: -4/31      AC:  1    Str:  7    XL:     5   Next: 5%
Magic:  9/9        EV: 13    Int: 19    God:
Gold:   161        SH:  0    Dex: 13    Spells: 8/9 levels left

rFire   . . .      SeeInvis .   d - +0 short sword
rCold   . . .      Faith    .   (no shield)
rNeg    + . .      Spirit   .   (helmet restricted)
rPois   .          Reflect  .   (no amulet)
rElec   .          Harm     .   l - ring of positive energy
rCorr   .          Rampage  .   (no ring)
Will    .....                   (no ring)
Stlth   +++.......              (no ring)
HPRegen 0.10/turn               (no ring)
MPRegen 0.11/turn               (no ring)
                                (no ring)
                                (no ring)

@: mighty, lethally poisoned (-4 -> -29), hasted, very quick
A: almost no armour, amphibious, 8 rings, camouflage 1, gelatinous body 1,
(nimble swimmer 1), tentacles
a: no special abilities


You were on level 3 of the Dungeon.
You visited 1 branch of the dungeon, and saw 3 of its levels.

You collected 161 gold pieces.

Inventory:

Hand Weapons
 d - a +0 short sword (weapon)
Jewellery
 l - a ring of positive energy (left tentacle)
Scrolls
 f - 2 scrolls of brand weapon {unknown}
 h - a scroll of vulnerability {unknown}
 n - a scroll of magic mapping {unknown}
Potions
 a - a potion of magic
 b - a potion of attraction {unknown}
 c - a potion of heal wounds {unknown}
 e - 2 potions of might
 i - a potion of degeneration {unknown}
 j - a potion of curing {unknown}
 k - a potion of berserk rage {unknown}
 m - a potion of invisibility {unknown}


   Skills:
 + Level 2.3 Dodging
 + Level 3.9 Stealth
 + Level 2.7 Spellcasting
 + Level 2.2 Conjurations
 + Level 3.9 Fire Magic


You had 8 spell levels left.
You knew the following spells:

 Your Spells              Type           Power      Damage    Failure   Level
a - Foxfire               Conj/Fire      56%        2x1d6     4%          1

Your spell library contained the following spells:

 Spells                   Type           Power      Damage    Failure   Level
 Scorch                   Fire           34%        2d6       4%          2
 Conjure Flame            Conj/Fire      14%        6-21      13%         3
 Inner Flame              Hex/Fire       10%        N/A       21%         3
 Flame Wave               Conj/Fire      14%        2d6       41%         4


Dungeon Overview and Level Annotations

Branches:
Dungeon (3/15)

Altars:
Gozag
Zin


Innate Abilities, Weirdness & Mutations

You cannot wear most types of armour.
You are amphibious.
You can wear up to eight rings at the same time.
Your skin changes colour to match your surroundings (Stealth+).
Your rubbery body absorbs attacks. (AC +1, EV +1)
((You are camouflaged when in or above water. (Stealth+)))
You have tentacles for arms and can constrict up to eight enemies at once.


Message History

You kill the ball python!
Unknown command.
Press < or > to pray at altars.
Casting: Foxfire (safe; 4% risk of failure)
Confirm with . or Enter, or press ? or * to list all spells.
You miscast Foxfire.
You are very lightly contaminated with residual magic.
Nothing appears to happen.
Unknown command.
Press < or > to pray at altars.
Your foxfire dissipates!
You see here a ball python corpse.
Your foxfire dissipates!
Your magical contamination has completely faded away.
Found a stone staircase leading down.
A water moccasin comes into view.
There is a stone staircase leading down here.
A ball python comes into view.
Found a stone staircase leading down.
The helpless water moccasin fails to defend itself.
You puncture the water moccasin! Your grab misses the water moccasin.
The water moccasin is moderately wounded.
The water moccasin bites you.
You are poisoned.
The water moccasin poisons you! The water moccasin bites you.
Unknown command.
Casting: Foxfire (safe; 4% risk of failure)
Confirm with . or Enter, or press ? or * to list all spells.
Okay, then.
It was a potion of might.
You feel very mighty all of a sudden.
You feel very sick. The water moccasin bites you.
You are more poisoned.
The water moccasin poisons you!
It was a potion of haste.
You feel yourself speed up.
* * * LOW HITPOINT WARNING * * *
You feel extremely sick. The water moccasin bites you!
You die...

.## .#. .. ##.# # #.. .#
#.###^#.# ###S.......
#.@..S...>. #.#.######
#.# #.#.# #.# #.#.# #.#
#.#.# #.# #.#.# ###.###
#.#># ##.....## . #...#
#.8...8.#..
######...#####.......#..


You could see a water moccasin and a ball python (asleep).

Vanquished Creatures
  4 gnolls (D:3)
  3 adders
  A worm (D:2)
  A dart slug (D:3)
  An endoplasm (D:2)
  3 goblins
  2 hobgoblins
  8 jackals
  8 kobolds
  5 quokkas
  4 ball pythons
  3 bats
  5 frilled lizards
  2 rats
50 creatures vanquished.

Vanquished Creatures (others)
  137 foxfires
137 creatures vanquished.

Grand Total: 187 creatures vanquished

Notes
Turn   | Place    | Note
-------+----------+-------------------------------------------
     0 | D:1      | Conn the Octopode Fire Elementalist began the quest for the
                  | Orb.
     0 | D:1      | Reached XP level 1. HP: 11/11 MP: 3/3
   486 | D:1      | Reached XP level 2. HP: 17/17 MP: 5/5
  1198 | D:2      | Reached XP level 3. HP: 21/21 MP: 2/6
  1325 | D:2      | Found a glowing silver altar of Zin.
  1526 | D:2      | Reached XP level 4. HP: 26/27 MP: 2/7
  1891 | D:3      | Reached XP level 5. HP: 8/31 MP: 0/9
  2134 | D:3      | Found an opulent altar of Gozag.
  2185 | D:3      | Noticed a water moccasin
  2194 | D:3      | Slain by a water moccasin

Illustrated notes

Levels and vault maps discovered:
D:1:      scummos_arrival_simple_crosswalls, layout_basic
D:2:      layout_rooms, basic_altar
D:3:      layout_loops_ring, grunt_gozag_statues,
          gammafunk_temple_overflow_statue, gammafunk_ghost_cemetery,
          serial_shops, shop

Skill      XL: |  1  2  3  4 |
---------------+-------------+-----
Stealth        | 3 |  3.9
Conjurations   | 2 |  2.2
Dodging        | |  2.3
Spellcasting   | |  2.7
Fire Magic     | |  3.9

Action                   |  1- 3 |  4- 6 || total
-------------------------+-------+-------++-------
Melee: Short sword       |    18 |     8 ||    26
       Constrict         |     3 |     1 ||     4
       Tentacles         |     2 |     1 ||     3
       Punch             |     1 |       ||     1
 Cast: Foxfire           |    52 |    31 ||    83
  Use: Potion            |       |     2 ||     2
 Stab: Sleeping          |     2 |     2 ||     4
Armor: Skin              |     2 |     1 ||     3
Dodge: Dodged            |    12 |    10 ||    22

Table legend: (Time is in decaauts)
 A = Elapsed time spent in this place.
 B = Non-inter-level travel time spent in this place.
 C = Inter-level travel time spent in this place.
 D = Time resting spent in this place.
 E = Time spent auto-exploring this place.
 F = Levels seen in this place.
 G = Mean time per level.
                   A        B        C        D        E       F      G
               +--------+--------+--------+--------+--------+-----+--------+
         Total |   2195 |   2163 |     32 |      0 |   1592 |   3 |  731.7 |
       Dungeon |   2195 |   2163 |     32 |      0 |   1592 |   3 |  731.7 |
               +--------+--------+--------+--------+--------+-----+--------+

Top non-repeatable levels by time:
     D:1: 1195 daAuts
     D:2: 636 daAuts
     D:3: 363 daAuts
